[Event "*** Titled Tuesday Blitz"]
[Site "Chess.com"]
[Date "2021.02.16"]
[Round "10"]
[White "tusplingher"]
[Black "WonderChampion"]
[Result "0-1"]
[WhiteElo "2225"]
[BlackElo "2122"]
[TimeControl "180+1"]
[EndTime "12:00:29 PST"]
[Termination "WonderChampion won by resignation"]

1. e4 c5 2. d4 cxd4 3. c3 Nf6 4. e5 Nd5 5. Nf3 Nc6 6. cxd4 g6 7. Bc4 Nb6 8. Bb3 Bg7 9. O-O O-O 10. Nc3 d6 11. exd6 Qxd6 12. Be3 Bg4 13. Ne4 Qd8 14. d5 Ne5 15.
Neg5 h6 16. Ne4 Nxf3+ 17. gxf3 Bh3 18. Re1 Bxb2 19. Bd4 Bxa1 20. Bxa1 Kh7 21. Qd4 f6 22. Bb2 Bf5 23. Ng3 Bh3 24. Bc2 Rf7 25. Bc1 Rc8 26. Bb1 Rc4 27. Qd3 f5 28. Qe3 f4 29.
Qd3 Bf5 30. Nxf5 Rxf5 31. d6 Rg5+ 32. Kh1 Qxd6 33. Qe2 Rc7 34. Qe4 Nd5 35. Bb2 Qb4 36. Bd4 Qd6 37. Be5 Rxe5 38. Qxe5 Qxe5 39. Rxe5 Rc1+ 40.
Kg2 Rxb1 41. Rxd5 Kg7 42. Rd7 Kf6 43. Rd4 g5 44. Ra4 a6 45. Rd4 b5 46. Rd5 Rb2 47.
a3 Rb3 48. a4 bxa4 49. Ra5 a3 50. Rxa6+ e6 51. Ra4 h5 52. Ra5 e5 53. Ra6+ Kf5 54. h3 Rc3 55. Ra4 Rb3 56. Ra5 Ke6 57.
Ra6+ Kd5 58. Ra5+ Kd4 59. Ra4+ Kc3 60. Ra5 Kb2 61. Rxe5 a2 62. Re2+ Kb1 63. Re1+ Kb2 64. Re2+ Ka3 65. Re7 a1=Q 66. Ra7+ Kb2 67. Rxa1 Kxa1 0-1

[Event "*** Titled Tuesday Blitz"]
[Site "Chess.com"]
[Date "2021.02.16"]
[Round "10"]
[White "L1m96"]
[Black "MergenKakabaev"]
[Result "1-0"]
[WhiteElo "2542"]
[BlackElo "2394"]
[TimeControl "180+1"]
[EndTime "12:00:30 PST"]
[Termination "L1m96 won on time"]

1. e4 e5 2. Nf3 Nc6 3. Bb5 a6 4. Ba4 Nf6 5. O-O Be7 6. Re1 b5 7. Bb3 d6 8. h3 O-O 9. c3 Na5 10. Bc2 c5 11. d3 Qc7 12. Nbd2 Bd7 13. Nf1 b4 14. Ng3 Rfb8 15. Bg5 Be6 16. Nh4 Nc6 17. Nhf5 Bd8 18. Qf3 Ne8 19. Bc1 bxc3 20. bxc3 a5 21. Ne3 a4 22. Nd5 Qd7 23. Ba3 Ne7 24. Rab1 f6 25. Nf1 Nxd5 26. exd5 Bf7 27. Ne3 Ba5 28.
Nd1 Nc7 29. Rxb8+ Rxb8 30. Qe4 Bxd5 31. Qxa4 Qxa4 32. Bxa4 Bxa2 33. Re2 Bf7 34. d4 Bc4 35. Rb2 Rxb2 36. Nxb2 Bb5 37. Bb3+ Kh8 38. dxc5 dxc5 39. c4 Bc6 40. Bxc5 Na6 41. Be3 Bb4 42. Ba4 Be4 43. Bb5 Nc5 44. Na4 Nxa4 45. Bxa4 Kg8 46. f3 Bf5 47.
Kf2 Kf8 48. Bb6 Ke7 49. Ke3 Kd6 50. Bb5 Bc5+ 51. Bxc5+ Kxc5 52. f4 exf4+ 53. Kxf4 Be6 54. h4 Bxc4 55. Be8 Kd6 56. g3 Ke7 57. Ba4 Ke6 58. Bc2 1-0

[Event "*** Titled Tuesday Blitz"]
[Site "Chess.com"]
[Date "2021.02.16"]
[Round "10"]
[White "Pelopidass"]
[Black "Aslanov_Umid"]
[Result "0-1"]
[WhiteElo "2588"]
[BlackElo "2389"]
[TimeControl "180+1"]
[EndTime "12:00:35 PST"]
[Termination "Aslanov_Umid won on time"]

1. d4 d5 2. Nf3 Nf6 3. c4 e6 4. e3 c6 5. Nbd2 Nbd7 6. Bd3 Bd6 7. O-O O-O 8. e4 dxe4 9. Nxe4 Nxe4 10. Bxe4 Nf6 11.
Bc2 h6 12. b3 Re8 13. Bb2 Bf8 14. Qd3 g6 15. Ne5 Bg7 16. Rad1 Qc7 17. Rfe1 b6 18.
Re3 Bb7 19. Rg3 Nh5 20. Rf3 Bxe5 21. dxe5 Rad8 22. Qe3 Rxd1+ 23. Bxd1 Rd8 24. Be2 Qd7 25. h4 c5 26. Rh3 Qd2 27. Bxh5 Qxe3 28. Rxe3 gxh5 29.
Re2 Kh7 30. Kh2 Rg8 31. f3 Rd8 32. Kg3 a5 33. Kf4 a4 34. Ke3 axb3 35. axb3 Ba6 36.
Bc3 b5 37. Ra2 bxc4 38. Rxa6 Rd3+ 39. Ke4 Rxc3 40. bxc4 Rxc4+ 41. Kd3 Rxh4 42. Ra2 Rd4+ 43. Ke3 Kg6 44. Ra5 Rd5 45. Ke4 Rd2 46. Rxc5 Rxg2 47. Rc8 Re2+ 48. Kf4 Rd2 49. Rg8+ Kh7 50. Rg1 Rd4+ 51. Ke3 Rb4 52. Rh1 Kg6 53. Rg1+ Kf5 54.
Rg7 Kxe5 55. Rxf7 Rb3+ 56. Kf2 h4 57. Kg2 Rb4 58. Kh3 Rf4 59. Ra7 Rxf3+ 60. Kxh4 Kf4 61. Ra4+ Kf5 62. Ra5+ e5 63. Ra6 Rf1 64. Kg3 h5 65. Ra8 Rf4 0-1

[Event "*** Titled Tuesday Blitz"]
[Site "Chess.com"]
[Date "2021.02.16"]
[Round "10"]
[White "Dii210"]
[Black "Deepweb2020"]
[Result "1-0"]
[WhiteElo "2378"]
[BlackElo "2501"]
[TimeControl "180+1"]
[EndTime "12:00:35 PST"]
[Termination "Dii210 won by checkmate"]

1. e4 e5 2. Nf3 Nc6 3. Bb5 a6 4. Ba4 Nf6 5. O-O b5 6. Bb3 Bc5 7. c3 d6 8. Re1 h6 9. h3 Bb6 10. d4 O-O 11. Bd5 Bd7 12. dxe5 dxe5 13. Bxc6 Bxc6 14.
Qxd8 Raxd8 15. Nxe5 Bxe4 16. Nd2 Bb7 17. Ndf3 Rfe8 18.
Be3 Bxe3 19. Rxe3 Bxf3 20. Nxf3 Rxe3 21. fxe3 Ne4 22. Kf1 Rd6 23. Ke2 Rg6 24. g4 h5 25.
Ne5 Re6 26. Nd3 hxg4 27. hxg4 Nf6 28. Kf3 Nd5 29. e4 Rf6+ 30. Kg3 Nb6 31. Nf4 Rd6 32. Kf3 Rd2 33. b3 g5 34. Ke3 Rc2 35. Kd3 Rf2 36.
Nh5 c5 37. Ke3 Rc2 38. Kd3 Rf2 39. Ke3 Rg2 40. a4 b4 41. cxb4 cxb4 42. Rd1 Rb2 43. Rd3 Kf8 44. Kd4 Nd7 45. Re3 Ke7 46. Kc4 a5 47.
Kb5 Kd6 48. Kxa5 Kc5 49. Rd3 Nb6 50. Nf6 Rh2 51. Nd5 Nd7 52. Nc7 Nb6 53. Na6+ Kc6 54. Nxb4+ Kc5 55. Rc3+ Kd4 56. Rd3+ Kc5 57. Nd5 Nd7 58.
b4+ Kc6 59. b5+ Kd6 60. Nb6+ Kc5 61. Nxd7+ Kc4 62. Ne5+ Kc5 63. Rd5# 1-0

[Event "*** Titled Tuesday Blitz"]
[Site "Chess.com"]
[Date "2021.02.16"]
[Round "10"]
[White "Moultino06"]
[Black "Arseniy_Nesterov"]
[Result "1/2-1/2"]
[WhiteElo "2508"]
[BlackElo "2770"]
[TimeControl "180+1"]
[EndTime "12:00:36 PST"]
[Termination "Game drawn - insufficient material"]

1. Nf3 d5 2. b3 Nf6 3. Bb2 Bf5 4. e3 e6 5. c4 c6 6. Nc3 Be7 7. Be2 O-O 8. Nh4 Bg6 9. Nxg6 hxg6 10. O-O Nbd7 11. d4 a5 12. Qc2 Bb4 13. Na4 Bd6 14. g3 Rc8 15. Kg2 e5 16. dxe5 Bxe5 17. Rad1 Bxb2 18.
Qxb2 Qe7 19. cxd5 cxd5 20. Bf3 b5 21. Nc3 Qe5 22. Rd4 Rc5 23. Rfd1 Rfc8 24. Ne2 Rc2 25. Qb1 Nb6 26. R4d2 Rxd2 27. Rxd2 g5 28. h3 g6 29. Nd4 b4 30. Rc2 Rc3 31. Rxc3 bxc3 32. Qc2 Ne4 33. Bxe4 Qxe4+ 34. Qxe4 dxe4 35. Kf1 Nd5 36. a3 f5 37. Ke2 f4 38. gxf4 gxf4 39. exf4 Nxf4+ 40. Ke3 Nxh3 41. b4 axb4 42. axb4 Kf7 43. b5 Ke7 44. b6 Kd7 45. b7 Kc7 46. Nb5+ Kxb7 47. Nxc3 Kc6 48.
Nxe4 Kd5 49. f4 Ke6 50. Ng3 Kf6 51. Kf3 Kg7 52. Kg4 Nxf4 53. Kf3 Ne6 54. Kg4 Kf6 55. Nh5+ Kf7 56. Ng3 Nf8 57. Ne4 Nd7 58. Ng3 Kf6 59. Nh5+ Kf7 60. Nf4 Ne5+ 61. Kg5 Nf3+ 62. Kg4 g5 63. Nh3 Kg6 64. Kxf3 g4+ 65. Kg3 gxh3 66. Kh2 Kg5 67. Kxh3 1/2-1/2

[Event "*** Titled Tuesday Blitz"]
[Site "Chess.com"]
[Date "2021.02.16"]
[Round "10"]
[White "JoliyRoger"]
[Black "Ajedrez_con_German"]
[Result "1/2-1/2"]
[WhiteElo "2425"]
[BlackElo "2582"]
[TimeControl "180+1"]
[EndTime "12:00:37 PST"]
[Termination "Game drawn - timeout vs insufficient material"]

1. Nf3 e6 2. c4 Nf6 3. d4 Bb4+ 4.
Bd2 Qe7 5. g3 O-O 6. Bg2 Nc6 7.
O-O Bxd2 8. Nbxd2 d6 9. e4 e5 10. d5 Nb8 11. h3 a5 12. Ne1 Na6 13. Nd3 Nd7 14. f4 exf4 15. gxf4 Ndc5 16. Nxc5 Nxc5 17. Qe2 Re8 18. Rae1 f6 19. Qe3 Ra6 20. Qc3 Rb6 21. Re3 Bd7 22. Rfe1 Na4 23. Qxa5 Nxb2 24. Qc3 Na4 25. Qd4 Qf8 26. Nf3 c5 27. Qd2 Nb2 28. Bf1 Ra8 29. e5 Rxa2 30. e6 Be8 31. Qg2 Rba6 32. R3e2 Nd3 33. Rxa2 Nxe1 34. Nxe1 Qe7 35.
Re2 Qc7 36. f5 b5 37. Re3 bxc4 38. Bxc4 Ra4 39. Bb3 Rb4 40. Rg3 Qb7 41. Bc2 c4 42. Nf3 Rb2 43. Kh2 c3 44. Ne1 Ba4 45. h4 Bxc2 46. Nxc2 Kf8 47. h5 h6 48. Qe2 Rb5 49. Rg2 Qxd5 50. Qg4 Qe5+ 51. Kh3 Qxf5 52. Qxf5 Rxf5 53.
Rg3 Rxh5+ 54. Kg2 Rg5 55. Rxg5 hxg5 56. Kf3 Ke7 57. Nd4 c2 58. Nxc2 Kxe6 59. Nd4+ Ke5 60.
Nc6+ Ke6 61. Nd8+ Ke7 62. Nb7 g6 63. Na5 f5 64. Nc6+ Ke6 65. Nd8+ Kf6 66. Kg3 g4 67. Nc6 g5 68. Nd4 Ke5 69. Nc6+ Ke6 70. Nd4+ Kd5 71. Nxf5 1/2-1/2

[Event "*** Titled Tuesday Blitz"]
[Site "Chess.com"]
[Date "2021.02.16"]
[Round "10"]
[White "MITerryble"]
[Black "ChessQueen"]
[Result "1/2-1/2"]
[WhiteElo "2926"]
[BlackElo "2753"]
[TimeControl "180+1"]
[EndTime "12:00:41 PST"]
[Termination "Game drawn by repetition"]

1. d4 Nf6 2. Nf3 e6 3. c4 b6 4. g3 Bb7 5. Bg2 Be7 6. O-O O-O 7. Nc3 Ne4 8. Qc2 f5 9. d5 Nxc3 10. Qxc3 Bf6 11. Qc2 Na6 12. Rd1 Qe8 13. Rb1 Nc5 14.
Nd4 Bxd4 15. Rxd4 e5 16. Rd1 d6 17. b4 Nd7 18. Bh3 Qh5 19. Bg2 Nf6 20. c5 Rad8 21. Qc4 Bc8 22. f3 f4 23. gxf4 Qg6 24. e4 Bh3 25. Rb2 exf4 26. Kh1 Qh6 27. Rg1 Bxg2+ 28.
Rbxg2 g6 29. Bb2 Nh5 30. Rg4 Rde8 31. Rh4 Rf7 32. cxd6 cxd6 33. Qc6 Rd8 34. Qc3 Kf8 35. Rc1 Ke7 36. Qd4 Qg5 37. Rg4 Qh6 38. Rc7+ Rd7 39. Qc4 Qf8 40. Rxd7+ Kxd7 41. Qc6+ Ke7 42. Qc7+ Ke8 43.
Qc8+ Ke7 44. Qb7+ Ke8 45. Qa8+ Ke7 46. Qxa7+ Ke8 47. Qb8+ Ke7 48. Qb7+ Ke8 49. Qc6+ Ke7 50. Qc7+ Ke8 51. Qb8+ Ke7 52. Qxb6 Qc8 53. Qc6 Qb8 54. Qc4 Qa7 55. Bd4 Qa3 56. Qc7+ Ke8 57. Qc8+ Ke7 58. Qe6+ Kf8 59. Qxd6+ Ke8 60. Qe6+ Kf8 61. Qc8+ Ke7 62. Bc5+ Kf6 63. Qe6+ Kg7 64. Bd4+ Kg8 65. Qe8+ Rf8 66.
Qe6+ Rf7 67. Kg2 Qxa2+ 68. Kh3 Qe2 69. Qe8+ Rf8 70. Qe6+ Rf7 71. Qc8+ Rf8 72. Qe6+ Rf7 1/2-1/2

[Event "*** Titled Tuesday Blitz"]
[Site "Chess.com"]
[Date "2021.02.16"]
[Round "10"]
[White "KonstantinB_1983"]
[Black "PavelChernomordik"]
[Result "1-0"]
[WhiteElo "2538"]
[BlackElo "2393"]
[TimeControl "180+1"]
[EndTime "12:00:46 PST"]
[Termination "KonstantinB_1983 won on time"]

1. c4 g6 2. Nc3 Bg7 3. d4 d6 4. e4 c6 5. Be3 a6 6. a4 a5 7. f4 Na6 8. Nf3 Nb4 9. Be2 Nf6 10.
h3 O-O 11. O-O Nd7 12. e5 c5 13. exd6 exd6 14. Qd2 Re8 15. Bf2 b6 16. Nb5 Nf6 17. Bh4 Bb7 18. Rad1 d5 19. dxc5 bxc5 20. cxd5 Nbxd5 21. Ne5 Qb6 22. Kh2 Ne4 23. Qc1 g5 24. Bc4 Rad8 25.
Qb1 f5 26. Qa2 Bxe5 27. Bxd5+ Kh8 28. fxe5 gxh4 29. Bxe4 Bxe4 30. Nd6 Rf8 31. Nf7+ Rxf7 32. Qxf7 Rg8 33. Rd2 Qg6 34. Qxg6 Rxg6 35. Rc1 Rc6 36.
Rd6 Rc7 37. e6 Re7 38. Rxc5 Kg7 39. Rxa5 Kf6 40. Raa6 Ke5 41. Rab6 Rg7 42. Rd2 f4 43. a5 f3 44. gxf3 Bxf3 45. a6 Kf4 46. Rf2 Ke3 47.
Rxf3+ Kxf3 48. e7 Rxe7 49. Rf6+ Ke4 50. b4 Ke5 51. Rh6 Kd5 52. b5 Kc5 53. Rh5+ Kb6 54.
Kg1 Re3 55. Kg2 Rg3+ 56. Kh2 Rb3 57. Rg5 Rb2+ 58. Kg1 Rb3 59. Kg2 Rb2+ 60. Kf3 h6 61.
Rh5 Rb3+ 62. Kg4 Rb4+ 63. Kf3 Rb3+ 64. Kg2 Rg3+ 65. Kh2 Rg6 66. Re5 1-0

[Event "*** Titled Tuesday Blitz"]
[Site "Chess.com"]
[Date "2021.02.16"]
[Round "10"]
[White "swisspower96"]
[Black "Msb2"]
[Result "1-0"]
[WhiteElo "2675"]
[BlackElo "2854"]
[TimeControl "180+1"]
[EndTime "12:00:50 PST"]
[Termination "swisspower96 won by resignation"]

1. d4 d5 2. c4 e6 3. Nc3 Nf6 4. cxd5 exd5 5. Bg5 c6 6. e3 h6 7. Bh4 Bf5 8. Qf3 Be6 9. Bxf6 Qxf6 10. Qxf6 gxf6 11.
Bd3 a5 12. Nge2 a4 13. Nf4 Nd7 14. f3 Bd6 15. g4 a3 16. b3 Bb4 17. Rc1 Nb8 18.
Kf2 Na6 19. Nce2 Bd6 20. Bb1 Nb4 21. Ng3 Ke7 22. Nfh5 Rhc8 23. Ng7 Kd7 24. N3f5 c5 25. Nxd6 Kxd6 26. dxc5+ Rxc5 27. Rxc5 Kxc5 28. Nh5 Kd6 29. Rc1 d4 30. Nxf6 d3 31. Ne4+ Ke7 32. Ke1 Bxb3 33. Rc7+ Kf8 34. Rxb7 Nxa2 35. Rxb3 Nc1 36. Rc3 a2 37.
Bxa2 Nxa2 38. Rxd3 Nb4 39. Rd2 Ra3 40. Kf2 Ke7 41.
Ng3 Nd3+ 42. Kg2 Ne5 43. Nf5+ Ke8 44. h3 Nc4 45. Rd4 Ra2+ 46. Kg3 Nd2 47. Kf4 Nb3 48. Rd6 Nc5 49. Rxh6 Ne6+ 50. Kg3 Ra3 51. h4 Nc5 52. h5 Nd3 53. Rd6 Ne5 54. h6 Ra1 55. h7 Rh1 56.
Rh6 Rxh6 57. Nxh6 Ng6 58. f4 Kf8 59. f5 Nh8 60. f6 Ke8 61. Nf5 Kd7 62. g5 Ke6 63. Kg4 Ng6 64. e4 Ke5 65. Nh6 Ke6 66. Kh5 Nf4+ 67. Kh4 Ng6+ 68. Kg4 Nh8 69. Nf5 Ng6 70.
Kh5 Ke5 71. Kh6 Kxe4 72. Nd6+ Kf4 73. Nxf7 Nh4 74. h8=Q Nf5+ 75. Kg6 Ng3 76. Qh2 Kg4 77. Qxg3+ Kxg3 78. Kf5 1-0

[Event "*** Titled Tuesday Blitz"]
[Site "Chess.com"]
[Date "2021.02.16"]
[Round "10"]
[White "WPWPWP-2015"]
[Black "Chessbard1972"]
[Result "1-0"]
[WhiteElo "2475"]
[BlackElo "2342"]
[TimeControl "180+1"]
[EndTime "12:00:51 PST"]
[Termination "WPWPWP-2015 won on time"]

1. d4 Nf6 2. c4 g6 3. h4 h5 4. Nc3 Bg7 5. e4 d6 6. Bd3 c5 7.
d5 O-O 8. Nge2 e6 9. f3 exd5 10.
cxd5 a6 11. Bg5 Nbd7 12. Qd2 Re8 13. O-O-O b5 14. g4 Qa5 15. gxh5 Nxh5 16. Nf4 Nxf4 17.
Bxf4 b4 18. Ne2 Qxa2 19. h5 Ne5 20. Bb1 Qc4+ 21. Qc2 Qxc2+ 22. Bxc2 Nxf3 23. hxg6 fxg6 24. Bxd6 Bg4 25. Nf4 Rad8 26. Bxc5 b3 27. Bxb3 Rb8 28. Bc4 Ne5 29. Ba2 Bxd1 30. d6+ Bb3 31. Bxb3+ Rxb3 32. Kc2 Rb5 33. b4 a5 34. Nd5 axb4 35. Bxb4 Rc8+ 36. Kb3 Kf7 37. Rf1+ Ke6 38. Nc7+ Kd7 39. Nxb5 Rb8 40.
Ka4 Bh6 41. Rh1 Bg5 42. Rh7+ Ke6 43. Nc7+ Kf6 44. Nd5+ Ke6 45. Nc7+ Kf6 46. d7 Nxd7 47. Rxd7 Be3 48. Be7+ Ke5 49. Nd5 Kxe4 50. Nxe3 Kxe3 51. Rd6 Ra8+ 52. Kb5 Re8 53. Bg5+ Ke4 54. Rxg6 Kf5 55. Rg7 Re5+ 56. Kc6 Ke4 57. Bd8 Rf5 58. Kc7 Kf3 59. Re7 Rf8 60. Re6 Rf7+ 61. Kc8 Rf4 62. Ra6 Rc4+ 63.
Bc7 Ke4 64. Kd7 Kd5 65. Bd6 Ke4 66. Ra5 Rd4 67. Rh5 Kd3 68. Ke6 Kc4 69. Be5 Rd1 70.
Rh2 Rc1 71. Rh8 Rf1 72. Rc8+ Kb5 73. Kd5 Rd1+ 74. Bd4 1-0

[Event "*** Titled Tuesday Blitz"]
[Site "Chess.com"]
[Date "2021.02.16"]
[Round "10"]
[White "aa175"]
[Black "PowerThinking2650"]
[Result "1-0"]
[WhiteElo "2613"]
[BlackElo "2440"]
[TimeControl "180+1"]
[EndTime "12:00:52 PST"]
[Termination "aa175 won by resignation"]

1. d4 Nf6 2. Nf3 g6 3. Bf4 Bg7 4. e3 O-O 5. Be2 d5 6. O-O c5 7. c3 Nc6 8. Nbd2 cxd4 9. exd4 Nh5 10. Bg5 h6 11. Bh4 g5 12. Bg3 f6 13. Qc2 Nxg3 14.
hxg3 e5 15. dxe5 fxe5 16. Rad1 Be6 17. Bd3 e4 18. Nxe4 dxe4 19. Bxe4 Qf6 20. Rd6 Rad8 21. Rfd1 Qe7 22. Rxd8 Rxd8 23. Rxd8+ Qxd8 24. Qe2 Qf6 25.
Nd2 Bf5 26. Bd5+ Kh7 27. g4 Bg6 28. Be4 Ne5 29. Bxb7 Qf4 30. f3 Bf8 31. Be4 Bc5+ 32. Kh1 Qg3 33. Bxg6+ Nxg6 34. Nf1 Qf2 35. Qxf2 Bxf2 36.
Nd2 Ne5 37. Ne4 Bb6 38. b3 Kg6 39. a4 a5 40. b4 Nd3 41. bxa5 Bxa5 42. c4 Nb2 43. c5 Nxa4 44. c6 Kf7 45. Nd6+ Ke6 46. Nf5 Bd2 47. Nxh6 Kd6 48. g3 Kxc6 49. Kg2 Nc5 50.
Nf5 Nd3 51. Kf1 Ne5 52. Ke2 Bc1 53. Nd4+ Kd5 54. Nc2 Bb2 55. Ne3+ Ke6 56. Nc2 Bc3 57. Ne3 Bd4 58. Nf5 Bc5 59. Nh6 Nc6 60. f4 Nd4+ 61.
Kd3 gxf4 62. gxf4 Nc6 63. Ke4 Ne7 64. g5 Ba3 65. f5+ Kd7 66. f6 Bc1 67. f7 Ng6 68. Kf5 Nf8 69. Ng4 Ke7 70. g6 Nxg6 71. Kxg6 Bb2 72.
Nf2 Ba1 73. Ne4 Kf8 74. Ng5 Bc3 75. Nh7+ Ke7 76. f8=Q+ 1-0

[Event "*** Titled Tuesday Blitz"]
[Site "Chess.com"]
[Date "2021.02.16"]
[Round "10"]
[White "Michaelson_11"]
[Black "mary-sanna"]
[Result "1-0"]
[WhiteElo "2260"]
[BlackElo "2045"]
[TimeControl "180+1"]
[EndTime "12:00:57 PST"]
[Termination "Michaelson_11 won by checkmate"]

1. e4 c5 2. Nf3 Nc6 3. d4 cxd4 4. Nxd4 g6 5. c4 Bg7 6. Be3 Nf6 7. Nc3 O-O 8. Be2 d6 9. O-O Bd7 10. h3 Nxd4 11. Bxd4 Bc6 12. Qc2 a5 13. Rad1 Nd7 14. Bxg7 Kxg7 15. Bg4 h5 16. Bxd7 Bxd7 17. Nd5 e6 18.
Qc3+ f6 19. Ne3 Qc7 20. Rd2 Bc6 21. Rfd1 Rad8 22. f3 Rd7 23. c5 dxc5 24. Qxc5 Rxd2 25. Rxd2 Rd8 26. Nf1 Rxd2 27. Nxd2 b6 28. Qd4 Qd7 29.
Qxd7+ Bxd7 30. Nc4 b5 31. Nxa5 e5 32. b4 Kf7 33. Nb7 Ke7 34. Kf2 Be6 35. a3 h4 36.
Ke3 g5 37. Kd3 Bc4+ 38. Ke3 Bf1 39. Kf2 Bc4 40. Na5 Bd3 41. Nb3 Bc4 42. Nd2 Bd3 43.
Ke3 Bc2 44. Nf1 Kd6 45. g3 Bb3 46. gxh4 gxh4 47. Nh2 Bc4 48. Ng4 Ke7 49. Kf2 Ke6 50.
Ne3 Bd3 51. Nf5 Bc4 52. Nxh4 Bb3 53. Nf5 Bc4 54. h4 Kf7 55. h5 Kg8 56. Nd6 Be6 57. Nxb5 Bd7 58. Nd6 Kh7 59. Nf7 Kg7 60. Nd6 Kh6 61. b5 Kxh5 62. b6 Bc6 63. b7 Bxb7 64. Nxb7 Kg5 65. a4 f5 66. a5 fxe4 67. fxe4 Kf4 68. Nd6 Kg4 69. a6 Kg5 70. a7 Kf6 71. a8=Q Ke6 72. Nc4 Kd7 73. Qd5+ Ke7 74. Nxe5 Kf6 75.
Nf3 Kg6 76. e5 Kg7 77. Qd6 Kf7 78. e6+ Ke8 79. Qd7+ Kf8 80. Qf7# 1-0

[Event "*** Titled Tuesday Blitz"]
[Site "Chess.com"]
[Date "2021.02.16"]
[Round "10"]
[White "seorobert1971"]
[Black "ChampStan"]
[Result "1-0"]
[WhiteElo "2725"]
[BlackElo "2317"]
[TimeControl "180+1"]
[EndTime "12:00:59 PST"]
[Termination "seorobert1971 won by resignation"]

1. Nf3 Nf6 2. d4 g6 3. c4 Bg7 4. Nc3 d5 5. cxd5 Nxd5 6. Qb3 Nb6 7.
e4 O-O 8. Be3 Bg4 9. Rd1 a5 10.
Be2 a4 11. Qc2 Nc6 12. d5 Nb4 13. Qd2 Bxf3 14. gxf3 a3 15. b3 c6 16. Bc5 Na6 17. Bxa3 cxd5 18. Nxd5 Nxd5 19. Qxd5 Bc3+ 20. Kf1 Qb6 21.
Bxe7 Rfe8 22. Bd6 Rad8 23. Bc4 Re6 24. e5 Bxe5 25. Qxe6 fxe6 26. Bxe6+ Kg7 27. Bxe5+ Kh6 28. Rxd8 Qb5+ 29. Bc4 Qxe5 30. Bxa6 bxa6 31. Rd2 Qf4 32. Ke2 Qe5+ 33. Kd3 Qd5+ 34. Kc2 Qxf3 35. Rhd1 Qe4+ 36. Kc1 Qe5 37. f3 Qa1+ 38. Kc2 Qxa2+ 39. Kc3 Qa5+ 40. b4 Qe5+ 41. Kb3 a5 42. Rd5 Qxh2 43. bxa5 Qb8+ 44. Ka4 Qe8+ 45. Kb4 Qe7+ 46. Kb5 Qe2+ 47. Kb6 Qb2+ 48. Ka7 Qf2+ 49. R5d4 Qxf3 50. a6 Qf7+ 51. Rd7 Qf2+ 52. Kb7 Qf3+ 53. R1d5 Qb3+ 54. Kc7 Qc3+ 55. Kb6 Qb4+ 56.
Rb5 Qf4 57. a7 Qe3+ 58. Kb7 Qe4+ 59. Rdd5 Qe7+ 60. Ka6 Qe8 61. Rd6 Qc8+ 62. Kb6 Qa8 63. Rc6 Qd8+ 64. Rc7 Qd6+ 65. Kb7 Qe6 66. a8=Q 1-0

[Event "*** Titled Tuesday Blitz"]
[Site "Chess.com"]
[Date "2021.02.16"]
[Round "10"]
[White "Piccadilly123"]
[Black "Lady_Nika"]
[Result "1-0"]
[WhiteElo "2258"]
[BlackElo "2362"]
[TimeControl "180+1"]
[EndTime "12:01:01 PST"]
[Termination "Piccadilly123 won by checkmate"]

1. e4 c6 2. Nc3 d5 3. d4 dxe4 4. Nxe4 Bf5 5. Ng3 Bg6 6. h4 h6 7.
Nf3 Nd7 8. h5 Bh7 9. Bd3 Bxd3 10.
Qxd3 Ngf6 11. Bd2 e6 12. O-O-O Be7 13. Ne4 Nxe4 14. Qxe4 Nf6 15. Qe2 Qd5 16. c4 Qf5 17. Ne5 O-O 18. f3 c5 19. g4 Qh7 20. g5 hxg5 21. Bxg5 cxd4 22. h6 d3 23. Qe3 Bb4 24. Bxf6 d2+ 25. Rxd2 Bxd2+ 26. Qxd2 gxf6 27. Rg1+ Kh8 28. Rg7 fxe5 29. Rxh7+ Kxh7 30. Qg5 Rg8 31. Qf6 Raf8 32.
b4 Rg6 33. Qxe5 Rxh6 34. c5 Rh1+ 35. Kb2 Rd8 36. Qe4+ Kg8 37. Qxb7 Rh2+ 38. Kb3 Rd3+ 39. Kc4 Rdd2 40. Qxa7 Rc2+ 41. Kb5 Rxa2 42. Qb8+ Kg7 43. Qe5+ Kf8 44. Qd6+ Kg7 45. c6 Rh5+ 46. Kb6 Rh8 47. c7 Rc2 48. Qe5+ Kg8 49. Kb7 Rh4 50. c8=Q+ Rxc8 51. Kxc8 Rxb4 52. Qg5+ Kh7 53. Qh5+ Kg7 54. Qg5+ Kh7 55. Qf6 Rc4+ 56. Kd8 Kg8 57. Ke7 Rc7+ 58. Ke8 Rc8+ 59. Kd7 Ra8 60. Qg5+ Kh7 61. Ke7 Ra3 62. f4 e5 63. fxe5 Ra7+ 64. Kf6 Ra6+ 65. Kf5 Re6 66. Qh5+ Kg8 67. Qg5+ Kf8 68. Qd8+ Kg7 69. Qd7 Kf8 70. Qc7 Re8 71. Qd7 Re6 72. Qc8+ Re8 73. Qc5+ Kg7 74. Kg5 Rxe5+ 75. Qxe5+ f6+ 76. Qxf6+ Kh7 77. Qf7+ Kh8 78. Qe7 Kg8 79. Kg6 Kh8 80. Qg7# 1-0

[Event "*** Titled Tuesday Blitz"]
[Site "Chess.com"]
[Date "2021.02.16"]
[Round "10"]
[White "muchojogo"]
[Black "FMOlexandrProhorov"]
[Result "1-0"]
[WhiteElo "2330"]
[BlackElo "2122"]
[TimeControl "180+1"]
[EndTime "12:01:02 PST"]
[Termination "muchojogo won on time"]

1. e4 c5 2. Nf3 e6 3. d4 cxd4 4. Nxd4 Qb6 5. Be3 Nf6 6. Nd2 Nc6 7. Nc4 Qd8 8. Nxc6 bxc6 9. Be2 Nxe4 10. O-O d5 11. Bf3 Nf6 12. Ne5 Qc7 13. Bf4 Bd6 14. Re1 O-O 15. c4 Rb8 16. c5 Bxc5 17. Ng6 Bd6 18.
Bxd6 Qxd6 19. Nxf8 Kxf8 20. Qa4 Rb7 21. Rac1 c5 22.
Qa3 Rc7 23. Red1 e5 24. Qd3 Bb7 25. Qf5 g6 26. Qg5 Kg7 27. h4 h6 28. Qe3 e4 29.
Be2 d4 30. Qa3 Ba8 31. Bc4 Qf4 32. Qg3 Nh5 33. Qxf4 Nxf4 34. g3 Ne6 35. Bxe6 fxe6 36.
Rxd4 Kf6 37. Rdc4 Bd5 38. Rxc5 Rb7 39. b3 Ke5 40. Rc7 Rb4 41. Rxa7 Rd4 42. Rac7 Rd3 43.
R7c3 Rd2 44. R3c2 Rd3 45. Re1 g5 46. hxg5 hxg5 47. Re3 Rd1+ 48. Kg2 Ra1 49. Rb2 Kd4 50. b4 Bb7 51. a3 e5 52. b5 g4 53. Rb4+ Kd5 54.
b6 Rd1 55. Rb5+ Kd4 56. Rb4+ Kd5 57. a4 Ra1 58. Rb5+ Kd6 59. a5 Ke6 60. Kh2 Kd6 61. Rb2 Rxa5 62. Rb1 Ra2 63. Kg2 Ke6 64. Kf1 Rc2 65.
Ra3 Kf5 66. Ra7 Bd5 67. b7 Bxb7 68. Raxb7 e3 69. fxe3 Ke4 70. Rf7 Kxe3 71. Re1+ Kd4 72. Rd7+ Kc5 73. Rxe5+ Kc6 74. Rg7 Kd6 75. Re3 Rc4 76.
Ke2 Kd5 77. Kd3 Ra4 78. Rg5+ Kd6 79. Re4 Ra3+ 80. Kd4 Rxg3 81. Rexg4 1-0

[Event "*** Titled Tuesday Blitz"]
[Site "Chess.com"]
[Date "2021.02.16"]
[Round "10"]
[White "ajdemipopushi"]
[Black "Tpros"]
[Result "0-1"]
[WhiteElo "2366"]
[BlackElo "2479"]
[TimeControl "180+1"]
[EndTime "12:01:05 PST"]
[Termination "Tpros won by checkmate"]

1. Nf3 d6 2. g3 c6 3. Bg2 g6 4. c4 Bg7 5. d4 f5 6. Nc3 Nf6 7. O-O O-O 8. d5 e5 9. dxe6 Bxe6 10.
Qd3 Na6 11. Bf4 Ne8 12. Ng5 Qe7 13. Nxe6 Qxe6 14. b3 Nc5 15. Qc2 Nf6 16. Rad1 Rad8 17. b4 Nce4 18. Nxe4 Nxe4 19. Rd3 d5 20. Rfd1 Rd7 21.
Be3 a6 22. b5 axb5 23. cxb5 Ra8 24. bxc6 bxc6 25. Bd4 Bxd4 26. Rxd4 Rda7 27. a4 Ra6 28. h4 h5 29. Bxe4 fxe4 30. e3 Rb8 31. Rc1 Rab6 32. Rd2 Kh7 33. Qc3 Kh6 34. Rdc2 Ra6 35. Qd4 Rba8 36. Ra1 Kh7 37. a5 Kh6 38. Rc5 Kh7 39. Qc3 Kh6 40. Rc1 Qf5 41. Rxc6 Rxa5 42. Rc8 Rxc8 43.
Qxc8 Qxc8 44. Rxc8 Kg7 45. Rd8 Kf7 46. Rd6 Kg7 47. Kg2 Rc5 48. g4 Kh6 49. Kg3 hxg4 50.
Kxg4 Rc2 51. Kg3 Rd2 52. Kg2 Rd3 53. Kg3 Kh5 54. Kf4 Kh6 55. Kg4 Rd2 56. h5 Rxf2 57.
Rxg6+ Kh7 58. Rd6 Rf3 59. Rxd5 Rxe3 60. Kf4 Re1 61. Kg5 e3 62. Rd7+ Kg8 63. Kh6 e2 64. Re7 Kf8 65. Re3 Kg8 66. Re5 Kf7 67. Kh7 Rh1 68.
Rf5+ Ke6 69. Rf8 e1=Q 70. Re8+ Kf7 71. Rxe1 Rxh5# 0-1

[Event "*** Titled Tuesday Blitz"]
[Site "Chess.com"]
[Date "2021.02.16"]
[Round "10"]
[White "MaxLeto"]
[Black "rychessmaster1"]
[Result "1-0"]
[WhiteElo "2378"]
[BlackElo "2525"]
[TimeControl "180+1"]
[EndTime "12:01:07 PST"]
[Termination "MaxLeto won by checkmate"]

1. g4 e5 2. Bg2 Nc6 3. c4 g6 4. Nc3 Bg7 5. d3 d6 6. h3 h6 7. Nf3 Nge7 8. Nd2 O-O 9. Nf1 f5 10. Ng3 f4 11. Nge4 Nd4 12. e3 fxe3 13. fxe3 Ne6 14. Qe2 Nc6 15. Bd2 Qh4+ 16. Kd1 Bd7 17. Be1 Qe7 18. Nd5 Qd8 19. Bg3 Ne7 20. Kc2 Bc6 21.
Nec3 Bxd5 22. cxd5 Nc5 23. Raf1 Qd7 24. Kb1 Na4 25.
Nd1 Qb5 26. Qc2 Rac8 27. Be4 c6 28. dxc6 d5 29. Bg2 Rxc6 30. Qb3 Qc5 31. Rxf8+ Bxf8 32. Nf2 Nb6 33. a3 Kg7 34. Bxe5+ Kh7 35. Bd4 Qd6 36.
h4 Qg3 37. h5 g5 38. Bxd5 Nbxd5 39. Ne4 Qg2 40. Rd1 Bg7 41. Bxg7 Kxg7 42. d4 Qxe4+ 43.
Ka2 Rc2 44. Qxb7 Nc3+ 45. Kb3 Nxd1 46. Qxe4 Rd2 47. Ka4 Kg8 48. Qxe7 Nxb2+ 49. Ka5 Nc4+ 50. Ka6 Rc2 51. Qe6+ Kf8 52. Qf6+ Ke8 53. Qe6+ Kd8 54. Qg6 Rb2 55. Qg8+ Kd7 56. Qxc4 Rb6+ 57. Ka5 Rd6 58. Qf7+ Kc6 59. Qxa7 Rd5+ 60. Kb4 Rb5+ 61. Kc4 Rb1 62. Qa6+ Kc7 63. Qxh6 Rg1 64. Qxg5 Rc1+ 65. Kd5 Kb6 66.
Qf6+ Kb5 67. h6 Ka4 68. g5 Kb3 69. e4 Ka2 70. g6 Rc8 71. h7 Ra8 72. e5 Ra4 73. g7 Ra5+ 74. Ke4 Rb5 75. h8=Q Rb2 76. g8=Q+ Ka1 77. Qf1+ Rb1 78. Qxb1+ Kxb1 79. Qg2 Kc1 80. Qhh1# 1-0